 Dungeon Crawl Stone Soup version 0.13-a0-1536-gedae9ec (webtiles) character file.

179 Kae the Vexing (level 4, -3/21 HPs)
             Began as a Spriggan Enchanter on June 9, 2013.
             Slain by a goliath beetle (24 damage)
             ... on Level 3 of the Dungeon.
             The game lasted 00:02:22 (2433 turns).

Kae the Vexing (Spriggan Enchanter)                 Turns: 2433, Time: 00:02:22

HP  -3/21        AC  3     Str  5      XL: 4   Next: 33%
MP   8/12        EV 18     Int 16      God:
Gold 88          SH  0     Dex 16      Spells:  2 memorised,  4 levels left

Res.Fire  : . . .   See Invis. : +   a - +1 dagger {=f}
Res.Cold  : . . .   Warding    : .   b - +1 robe
Life Prot.: . . .   Conserve   : .   (shield restricted)
Res.Poison: .       Res.Corr.  : .   (helmet restricted)
Res.Elec. : .       Clarity    : .   (no cloak)
Sust.Abil.: . .     Spirit.Shd : .   (gloves unavailable)
Res.Mut.  : .       Stasis     : .   (boots unavailable)
Res.Rott. : .       Flight     : .   (no amulet)
Saprovore : . . .                    (no ring)
                                     (no ring)

@: very quick, slightly resistant to hostile enchantments, quite stealthy
A: unfitting armour, see invisible, herbivore 3, speed 3, slow metabolism 2
a: no special abilities


You were on level 3 of the Dungeon.
You were hungry.

You visited 1 branch of the dungeon, and saw 3 of its levels.

You collected 68 gold pieces.

Inventory:

Hand weapons
 a - a +1,+1 dagger (weapon) {=f}
Missiles
 d - 12 darts (quivered)
Armour
 b - a +1 robe (worn)
Comestibles
 j - 2 bread rations
 k - a choko
 n - a meat ration
Scrolls
 f - 3 scrolls of enchant weapon II {unknown}
 g - 4 scrolls of identify {unknown}
 h - 2 scrolls of teleportation {unknown}
 i - 2 scrolls of remove curse {unknown}
 q - a scroll of magic mapping {unknown}
 t - a scroll of amnesia {unknown}
Jewellery
 m - a cursed -6 ring of protection {unknown}
Potions
 e - a potion of porridge
 l - 2 potions of curing {unknown}
 o - a potion of paralysis {unknown}
 p - 2 potions of brilliance {unknown}
 r - a potion of flight {unknown}
 s - a potion of heal wounds {unknown}
Books
 c - a book of Maledictions

   Spells                             Type                      Level
   *Corona                            Hexes                        1
   Sure Blade                         Hexes/Charms                 2
   *Ensorcelled Hibernation           Hexes/Ice                    2
   Confuse                            Hexes                        3
   Enslavement                        Hexes                        4
   Invisibility                       Hexes                        6


   Skills:
 + Level 2.4 Short Blades
 - Level 1.1 Throwing
 - Level 3.0 Dodging
 + Level 4.3 Stealth
 + Level 2.2 Spellcasting
 + Level 4.7 Hexes


You had 4 spell levels left.
You knew the following spells:

 Your Spells              Type           Power        Failure   Level  Hunger
a - Corona                Hex            ###....      3%          1    #......
b - Ensorcelled Hibernat  Hex/Ice        #.....       14%         2    ##.....


Dungeon Overview and Level Annotations

Branches:
Dungeon (3/27)

Altars:
Ashenzari


Innate Abilities, Weirdness & Mutations

You are tiny and cannot use many weapons and most armour.
You have supernaturally acute eyesight.
You are a herbivore.
You cover ground extremely quickly.
You need consume almost no food.


Message History

You hit the goliath beetle but do no damage.
The goliath beetle is heavily wounded.
You barely miss the goliath beetle.
The goliath beetle is heavily wounded.
The goliath beetle misses you.
Casting: Ensorcelled Hibernation
Confirm with . or Enter, or press ? or * to list all spells.
Aiming: Corona
Press: ? - help, Shift-Dir - straight line, f/p - goliath beetle
Aim: a goliath beetle (heavily wounded)
The goliath beetle easily resists.
Casting: Corona
Confirm with . or Enter, or press ? or * to list all spells.
Aiming: Corona
Press: ? - help, Shift-Dir - straight line, f/p - goliath beetle
Aim: a goliath beetle (heavily wounded)
The goliath beetle is outlined in light.
The goliath beetle bites you!
Ouch! That really hurt!
You die...

....... ... .....#
#.# .....# #.#
.....# #.########
.....# ##........
#....# ##...#.#.#
.....# #........#
#....# #........#
.....# ##.####@..#
.....#
###...⌠.B#+##
.....###....#......
.........#####.....
.......#.# #.....
#####....# +..._
#..#.....#...
#####..#.####...
.......#.. .


You could see a goliath beetle.

Vanquished Creatures
  An adder (D:2)
  2 worms
  A giant mite (D:2)
  An ooze (D:1)
  2 orcs (D:3)
  5 goblins
  7 hobgoblins
  7 kobolds
  4 ball pythons
  12 bats
  2 giant cockroaches (D:2)
  A giant gecko (D:2)
  2 giant newts
  4 jackals (D:1)
  A quokka (D:2)
  6 rats
58 creatures vanquished.

Notes
Turn   | Place    | Note
--------------------------------------------------------------
     0 | D:1      | Kae, the Spriggan Enchanter, began the quest for the Orb.
     0 | D:1      | Reached XP level 1. HP: 9/9 MP: 4/4
   201 | D:1      | Reached XP level 2. HP: 10/13 MP: 6/6
   205 | D:1      | Learned a level 2 spell: Ensorcelled Hibernation
   367 | D:1      | Reached skill level 4 in Hexes
   730 | D:1      | Reached XP level 3. HP: 11/16 MP: 9/9
  1813 | D:2      | Reached XP level 4. HP: 19/21 MP: 6/12
  2421 | D:3      | Found a shattered altar of Ashenzari.
  2433 | D:3      | Slain by a goliath beetle

Action                   |  1- 3 |  4- 6 || total
-------------------------+-------+-------++-------
Melee: Dagger            |   133 |    35 ||   168
 Cast: Ensorcelled Hiber |    13 |     4 ||    17
       Corona            |       |     2 ||     2
 Stab: Sleeping          |    26 |     5 ||    31
